 Dungeon Crawl Stone Soup version 0.29.1-13-g9f3cf754e1 (webtiles) character file.

Game seed: 17670743329327215910

169 cheesebisquit the Shooter (level 5, -8/44 HPs)
             Began as a Minotaur Hunter on Jan 23, 2023.
             Mangled by a gnoll bouda
             ... wielding a +2 long sword of protection
              (13 damage)
             ... on level 5 of the Dungeon.
             The game lasted 00:09:35 (2860 turns).

cheesebisquit the Shooter (Minotaur Hunter)         Turns: 2860, Time: 00:09:36

Health: -8/44      AC:  4    Str: 12 (15) XL:     5   Next: 25%
Magic:  0/4        EV: 12    Int:  5 (6)  God:
Gold:   146        SH:  0    Dex: 14 (16) Spells: 4/4 levels left

rFire   . . .      SeeInvis .   a - +0 shortbow
rCold   + . .      Faith    .   (shield currently unavailable)
rNeg    . . .      Spirit   +   f - +1 leather armour {rC+}
rPois   .          Reflect  .   (helmet restricted)
rElec   .          Harm     .   (no cloak)
rCorr   .          Rampage  .   (no gloves)
Will    .....                   (no boots)
Stlth   +.........              h - amulet of guardian spirit
HPRegen 0.14/turn               (no ring)
MPRegen 0.09/turn               (no ring)

@: no status effects
A: horns 2, retaliatory headbutt
a: no special abilities


You were on level 5 of the Dungeon.
You visited 1 branch of the dungeon, and saw 4 of its levels.

You collected 146 gold pieces.

Inventory:

Hand Weapons
 a - a +0 shortbow (weapon)
Missiles
 l - 3 poisoned darts
 r - 4 atropa-tipped darts
Armour
 f - a +1 leather armour of cold resistance (worn)
Jewellery
 h - an amulet of guardian spirit (around neck)
Scrolls
 b - 3 scrolls of identify
 d - a scroll of enchant armour {unknown}
Potions
 c - a potion of brilliance
 e - a potion of flight
 m - a potion of cancellation {unknown}
 o - a potion of curing {unknown}
 p - a potion of invisibility {unknown}
 q - a potion of might {unknown}


   Skills:
 - Level 2.8 Fighting
 + Level 6.8 Ranged Weapons
 - Level 2.5 Dodging
 - Level 1.2 Stealth


You had 4 spell levels left.
You didn't know any spells.
Your spell library contained the following spells:

 Spells                   Type           Power      Damage    Failure   Level
 Ozocubu's Armour         Ice            0%         N/A       90%         3
 Tukima's Dance           Hex            0%         N/A       90%         3
 Passage of Golubria      Tloc           0%         N/A       100%        4
 Yara's Violent Unravell  Hex/Tmut       0%         3d3       100%        5
 Ozocubu's Refrigeration  Ice            0%         4d7       100%        7


Dungeon Overview and Level Annotations

Branches:
Dungeon (3/15)

Altars:
Vehumet
Wu Jian

Shops:
D:1 :


Innate Abilities, Weirdness & Mutations

You have a pair of horns on your head.
You reflexively headbutt those who attack you in melee.


Message History

The gnoll bouda hits you with a +2 long sword of protection!
The gnoll bouda misses you.
You shoot an arrow.
The arrow hits the gnoll bouda but does no damage.
The gnoll bouda is lightly wounded.
The gnoll bouda hits you with a +2 long sword of protection.
You shoot an arrow.
The arrow hits the gnoll bouda but does no damage.
The gnoll bouda is lightly wounded.
The gnoll bouda barely misses you.
Fire: a) +0 shortbow
Press: ? - help, Q - select action, (/) - cycle Shift-Dir - straight line, f/p - gnoll bouda
Aim: a gnoll bouda, wielding a +2 long sword of protection and wearing a +0 robe (lightly wounded, 66% to hit)
You shoot an arrow. The arrow hits the gnoll bouda!
The gnoll bouda is heavily wounded.
Your attacks no longer feel as feeble.
The gnoll bouda hits you with a +2 long sword of protection!
Fire: a) +0 shortbow
Press: ? - help, Q - select action, (/) - cycle Shift-Dir - straight line, f/p - gnoll bouda
Aim: a gnoll bouda, wielding a +2 long sword of protection and wearing a +0 robe (heavily wounded, 66% to hit)
You shoot an arrow. The arrow hits the gnoll bouda!
The gnoll bouda is severely wounded.
The gnoll bouda barely misses you.
Fire: a) +0 shortbow
Press: ? - help, Q - select action, (/) - cycle Shift-Dir - straight line, f/p - gnoll bouda
Aim: a gnoll bouda, wielding a +2 long sword of protection and wearing a +0 robe (severely wounded, 66% to hit)
You shoot an arrow.
The arrow closely misses the gnoll bouda.
The gnoll bouda closely misses you. You furiously retaliate!
You headbutt the gnoll bouda.
The gnoll bouda hits you with a +2 long sword of protection!
* * * LOW HITPOINT WARNING * * *
Fire: a) +0 shortbow
Press: ? - help, Q - select action, (/) - cycle Shift-Dir - straight line, f/p - gnoll bouda
Aim: a gnoll bouda, wielding a +2 long sword of protection and wearing a +0 robe (almost dead, 66% to hit)
You shoot an arrow.
The arrow hits the gnoll bouda but does no damage.
The gnoll bouda is almost dead.
The gnoll bouda hits you with a +2 long sword of protection!
You die...

#. .##. .... ...
######## #..
.......##.###..###
.##............).#
.##.##.##.# #g# ....##.#
#@# .##.##.# .#.#
.##.##.######.##.#
.......##...(.##.#
.#####.......###.#####
.###############.....###
.##.#_#.#⌠#.##.........#
.#8.#.#.#.#.##.##..#.#.#
.....)..[))._#.##..#.#.#


You could see a gnoll bouda.

Vanquished Creatures
  An orc wizard (D:5)
  2 adders (D:5)
  6 gnolls
  A worm (D:2)
  16 orcs
  2 endoplasms (D:1)
  4 goblins
  2 hobgoblins (D:2)
  4 quokkas
  A ball python (D:3)
  2 bats
  2 frilled lizards
  3 kobolds
  6 rats
52 creatures vanquished.

Vanquished Creatures (collateral kills)
  An orc (D:5)
1 creature vanquished.

Vanquished Creatures (others)
  21 plants (D:5)
21 creatures vanquished.

Grand Total: 74 creatures vanquished

Notes
Turn   | Place    | Note
-------+----------+-------------------------------------------
     0 | D:1      | cheesebisquit the Minotaur Hunter began the quest for the
                  | Orb.
     0 | D:1      | Reached XP level 1. HP: 18/18 MP: 0/0
    57 | D:1      | Found a faded altar of an unknown god.
   136 | D:1      | Reached skill level 1 in Stealth
   153 | D:1      | Found Keow's Book Shop.
   178 | D:1      | Reached XP level 2. HP: 25/25 MP: 1/1
   895 | D:2      | Reached skill level 5 in Ranged Weapons
   895 | D:2      | Reached XP level 3. HP: 5/30 MP: 2/2
  1543 | D:3      | Reached XP level 4. HP: 35/37 MP: 3/3
  1584 | D:3      | Reached skill level 6 in Ranged Weapons
  1847 | D:3      | You fall into a shaft and drop 2 floors!
  1847 | D:5      | Entered Level 5 of the Dungeon
  1887 | D:5      | Noticed a black bear
  1907 | D:5      | Found an ornate altar of the Wu Jian Council.
  1909 | D:5      | Found a radiant altar of Vehumet.
  2104 | D:5      | Reached XP level 5. HP: 7/44 MP: 1/4
  2860 | D:5      | Mangled by a gnoll bouda

Illustrated notes

Levels and vault maps discovered:
D:1:      psy_arrival_basics, layout_rooms, ebering_ecumenical_altar_mist,
          serial_forest, infiniplex_forest_lined_2, infiniplex_forest_end_1,
          infiniplex_forest_straight_5, infiniplex_forest_zigzag_1,
          infiniplex_forest_lined_3_way, infiniplex_forest_lined_2,
          infiniplex_forest_clump_medium, serial_shops, shop,
          minmay_pentomino_p4
D:2:      layout_loops_ring
D:3:      layout_rooms
D:5:      layout_loops_cross, minitemple, serial_shops, nicolae_shop_stone,
          nicolae_grassy_gnolls

Skill      XL: |  1  2  3  4 |
---------------+-------------+-----
Stealth        | 1 |  1.2
Ranged Weapons | 5 6 |  6.8
Fighting       | |  2.8
Dodging        | |  2.5

Action                   |  1- 3 |  4- 6 || total
-------------------------+-------+-------++-------
 Fire: Shortbow          |    82 |   103 ||   185
  Use: Scroll            |     1 |     5 ||     6
       Potion            |       |     6 ||     6
Armor: Leather armour    |     3 |    17 ||    20
Dodge: Dodged            |    20 |    39 ||    59
